 Dungeon Crawl Stone Soup version 0.30-a0-834-g1789cb1 (webtiles) character file.

Game seed: 370746457729151399

1202 malesh the Vexing (level 8, -1/61 HPs)
             Began as a Gnoll Hexslinger on Mar 1, 2023.
             Was an Initiate of Ashenzari.
             Killed from afar by a steam dragon (23 damage)
             ... with a ball of steam
             ... on level 6 of the Dungeon.
             The game lasted 00:21:52 (5046 turns).

malesh the Vexing (Gnoll Hexslinger)                Turns: 5046, Time: 00:21:53

Health: -1/61      AC:  2    Str: 10    XL:     8   Next: 44%
Magic:  11/14      EV: 15    Int: 21    God:    Ashenzari [......]
Gold:   184        SH:  0    Dex: 18    Spells: 3/16 levels left

rFire   . . .      SeeInvis .    a - +2 sling (flame)
rCold   . . .      Faith    .    (no shield)
rNeg    . . .      Spirit   .    c - +0 robe
rPois   .          Reflect  .    (no helmet)
rElec   .          Harm     .    (no cloak)
rCorr   .          Rampage  .    (no gloves)
Will    .....                    (no boots)
Stlth   +++                      (no amulet)
HPRegen 0.30/turn                w - ring "Behold Eternity" {Dex+6, Bglg, Evo} (curse)
MPRegen 0.14/turn                y - +6 ring of intelligence

@: studying Poison Magic
A: fangs 1, strong nose, distributed training
a: Renounce Religion, Shatter the Chains


You were on level 6 of the Dungeon.
You worshipped Ashenzari.
Ashenzari was noncommittal.
You visited 2 branches of the dungeon, and saw 7 of its levels.
You also visited: Sewer.

You collected 250 gold pieces.
You spent 66 gold pieces at shops.

Inventory:

Hand Weapons
 a - a +2 sling of flaming (weapon)
 b - the +9 dagger "Elioro" {freeze, rN+ SInv}
   (You took it off a kobold on level 3 of the Dungeon)

   rN:        It protects you from negative energy.
   SInv:      It lets you see invisible.
Missiles
 A - a throwing net
Armour
 c - a +0 robe (worn)
Jewellery
 f - an amulet of faith
 w - the cursed ring "Behold Eternity" (left hand) {Dex+6, Bglg, Evo}
   (You took it off an orc wizard on level 3 of the Dungeon)

   [ring of dexterity]

   Dex:       It affects your dexterity (+6).
   It has a curse which improves the following skills: Beguiling: Conjurations,
   Hexes and Translocations.
   Evocations: Evocations.
 y - a +6 ring of intelligence (right hand)
Wands
 v - a wand of quicksilver (2)
Scrolls
 g - 2 scrolls of enchant armour
 k - 3 scrolls of blinking
 l - 4 scrolls of amnesia
 q - a scroll of noise {unknown}
 u - 3 scrolls of brand weapon {unknown}
 x - a scroll of immolation
 B - a scroll of fear
 C - 2 scrolls of identify
 D - a scroll of acquirement {unknown}
Potions
 d - 2 potions of resistance
 e - a potion of attraction {unknown}
 h - a potion of flight {unknown}
 i - a potion of curing {unknown}
 j - a potion of lignification {unknown}
 m - a potion of brilliance
 n - a potion of haste
 o - 3 potions of heal wounds
 p - 2 potions of might {unknown}
 r - a potion of mutation {unknown}
 s - a potion of experience {unknown}
 t - a potion of degeneration {unknown}
 z - a potion of invisibility {unknown}


   Skills:
 + Level 4.3 Fighting
 + Level 3.4 Short Blades
 + Level 3.4 Long Blades
 + Level 3.4 Axes
 + Level 3.4 Maces & Flails
 + Level 3.4 Polearms
 + Level 3.4 Staves
 + Level 5.8 Ranged Weapons
 + Level 3.4 Throwing
 + Level 3.4 Armour
 + Level 5.8 Dodging
 + Level 3.4 Stealth
 + Level 3.4 Shields
 + Level 3.4 Unarmed Combat
 + Level 4.5 Spellcasting
 + Level 2.8(3.2) Conjurations
 + Level 6.2(6.6) Hexes
 + Level 2.8 Summonings
 + Level 2.8 Necromancy
 + Level 2.8(3.2) Translocations
 + Level 2.8 Transmutations
 + Level 2.8 Fire Magic
 + Level 2.8 Ice Magic
 + Level 2.8 Air Magic
 + Level 2.8 Earth Magic
 + Level 3.5 Poison Magic
 + Level 3.7 Invocations
 + Level 3.4(3.8) Evocations


You had 3 spell levels left.
You knew the following spells:

 Your Spells              Type           Power      Damage    Failure   Level
a - Slow                  Hex            100%       N/A       1%          1
b - Inner Flame           Hex/Fire       24%        N/A       4%          3
c - Portal Projectile     Hex/Tloc       50%        N/A       4%          3
d - Blink                 Tloc           36%        N/A       4%          2
e - Cause Fear            Hex            16%        N/A       8%          4

Your spell library contained the following spells:

 Spells                   Type           Power      Damage    Failure   Level
 Confusing Touch          Hex            32%        N/A       2%          3
 Freeze                   Ice            64%        1d7       3%          1
 Lesser Beckoning         Tloc           36%        N/A       4%          2
 Momentum Strike          Conj/Tloc      36%        3d9       4%          2
 Hailstorm                Conj/Ice       17%        3d6       10%         3
 Frozen Ramparts          Ice            32%        1d5       11%         3
 Vampiric Draining        Necr           16%        2d7       11%         3


Dungeon Overview and Level Annotations

Branches:
Dungeon (6/15)             Temple (1/1) D:4           Sewer (visited)

Altars:
Ashenzari
Cheibriados
Dithmenos
Elyvilon
Fedhas
Gozag
Hepliaklqana
Kikubaaqudgha
Makhleb
Okawaru
Ru
Sif Muna
Trog
Uskayaw
Wu Jian
Xom
Yredelemnul
Zin
The Shining One

Shops:
D:4 *


Innate Abilities, Weirdness & Mutations

You have very sharp teeth.
Your uncanny sense of smell can sniff out nearby items.
Your experience applies equally to all skills.


Message History

You kill the orc!
There is a stone staircase leading up here.
HP restored.
Magic restored.
There is a stone staircase leading down here.
You climb downwards.
Found a scroll labelled ASOIR KEIRPH and a scroll labelled UMPITOCOSTOS.
Found a stone staircase leading down.
There is a stone staircase leading up here.
A steam dragon comes into view.
You see here a scroll labelled UMPITOCOSTOS.
Casting: Inner Flame (dangerous; 4% risk of failure)
Confirm with . or Enter, or press ? or * to list all spells.
Aiming: Inner Flame (dangerous; 4% risk of failure)
Press: ? - help, Dir - move target, f - steam dragon
Aim: a steam dragon (wandering, hasn't noticed you, chance to affect: 79%)
The steam dragon hisses angrily.
The steam dragon is filled with an inner flame.
You shoot a sling bullet. The sling bullet hits the steam dragon.
Flame seeps out of the steam dragon.
The sling bullet burns the steam dragon.
Flame seeps out of the steam dragon.
The steam dragon is lightly wounded.
The steam dragon is engulfed in blazing flames.
Flame seeps out of the steam dragon.
You shoot a sling bullet.
The sling bullet closely misses the steam dragon.
The steam dragon breathes steam at you. The ball of steam hits you!!
The steam dragon breathes steam at you. The ball of steam hits you!
A jelly comes into view.
Fire: a) +2 sling (flame)
Press: ? - help, Shift-Dir - straight line, f/p - steam dragon
Aim: a steam dragon (steam, moderately wounded, inner flame, 65% to hit)
You shoot a sling bullet.
The sling bullet closely misses the steam dragon.
The steam dragon breathes steam at you. The ball of steam hits you!!
You die...

..?. ..........
#.... ..............
...?..#.............
#......<............
##....###...........
#[....##...........
#..................
#.....#..>.........
# ?....§§<§@..#
.....§.§§§..##
.......§§§D..#
....######.....# ...
##..... #. ..... . ∆
..## #.#


You could see a steam dragon (inner flame, catching breath).

Vanquished Creatures
  A black bear (D:6)
  5 scorpions
  A necrophage (D:5)
  2 howler monkeys
  5 jellies
  3 orc priests (D:5)
  Terence (D:2)
  Jessica (D:2)
  2 iguanas
  3 orc wizards
  A gnoll (D:1)
  8 adders
  2 river rats (Sewer)
  3 worms (D:3)
  6 dart slugs
  20 orcs
  8 bats
  16 endoplasms
  5 giant cockroaches (Sewer)
  3 goblins
  11 hobgoblins
  2 jackals (D:1)
  12 kobolds
  3 quokkas (D:3)
  5 ball pythons
  4 frilled lizards
  6 rats
139 creatures vanquished.

Notes
Turn   | Place    | Note
-------+----------+-------------------------------------------
     0 | D:1      | malesh the Gnoll Hexslinger began the quest for the Orb.
     0 | D:1      | Reached XP level 1. HP: 17/17 MP: 4/4
   142 | D:1      | Reached XP level 2. HP: 23/23 MP: 3/5
   340 | D:1      | Reached XP level 3. HP: 28/28 MP: 7/7
   380 | D:1      | Learned a level 3 spell: Inner Flame
   433 | D:1      | Reached skill level 1 in Invocations
   912 | D:2      | Noticed Terence
   931 | D:2      | Killed Terence
   932 | D:2      | Reached skill level 1 in Short Blades
   932 | D:2      | Reached skill level 1 in Long Blades
   932 | D:2      | Reached skill level 1 in Axes
   932 | D:2      | Reached skill level 1 in Maces & Flails
   932 | D:2      | Reached skill level 1 in Polearms
   932 | D:2      | Reached skill level 1 in Staves
   932 | D:2      | Reached skill level 1 in Throwing
   932 | D:2      | Reached skill level 1 in Armour
   932 | D:2      | Reached skill level 1 in Stealth
   932 | D:2      | Reached skill level 1 in Shields
   932 | D:2      | Reached skill level 1 in Unarmed Combat
   932 | D:2      | Reached skill level 1 in Evocations
   932 | D:2      | Reached XP level 4. HP: 5/34 MP: 1/8
  1094 | D:2      | Reached skill level 1 in Conjurations
  1094 | D:2      | Reached skill level 1 in Summonings
  1094 | D:2      | Reached skill level 1 in Necromancy
  1094 | D:2      | Reached skill level 1 in Translocations
  1094 | D:2      | Reached skill level 1 in Transmutations
  1094 | D:2      | Reached skill level 1 in Fire Magic
  1094 | D:2      | Reached skill level 1 in Ice Magic
  1094 | D:2      | Reached skill level 1 in Air Magic
  1094 | D:2      | Reached skill level 1 in Earth Magic
  1094 | D:2      | Reached skill level 1 in Poison Magic
  1130 | D:2      | Learned a level 3 spell: Portal Projectile
  1254 | D:2      | Noticed Jessica
  1259 | D:2      | Killed Jessica
  1353 | D:2      | Reached XP level 5. HP: 40/40 MP: 7/9
  1406 | D:2      | Learned a level 2 spell: Blink
  1927 | D:3      | Found a glowing drain.
  1949 | Sewer    | Entered a sewer
  2142 | Sewer    | Reached XP level 6. HP: 47/47 MP: 5/11
  2154 | Sewer    | Reached skill level 5 in Ranged Weapons
  2154 | Sewer    | Reached skill level 5 in Dodging
  2214 | Sewer    | Found a viscous altar of Jiyva.
  2372 | D:3      | Identified the +9 dagger "Elioro" {freeze, rN+ SInv}
  2640 | D:3      | Found a shimmering altar of Xom.
  2837 | D:4      | Found Zaso's General Store.
  2840 | D:4      | Bought a scroll of identify for 22 gold pieces
  2840 | D:4      | Bought a scroll of immolation for 44 gold pieces
  3060 | D:4      | Found a staircase to the Ecumenical Temple.
  3077 | Temple   | Entered the Ecumenical Temple
  3254 | Temple   | Became a worshipper of Ashenzari the Shackled
  3412 | D:4      | Reached XP level 7. HP: 50/52 MP: 9/12
  3419 | D:4      | Learned a level 4 spell: Cause Fear
  3713 | D:4      | Found a bloodstained altar of Trog.
  3819 | D:5      | Entered Level 5 of the Dungeon
  4303 | D:5      | Reached skill level 6 in Hexes
  4303 | D:5      | Identified the +1 chain mail of Resourcefulness {rC+}
  4514 | D:5      | Reached XP level 8. HP: 60/60 MP: 3/14
  5046 | D:6      | Killed from afar by a steam dragon

Illustrated notes

Levels and vault maps discovered:
D:1:      dpeg_arrival_round_b, layout_loops_ring
D:2:      layout_rooms, uniq_jessica, uniq_terence
D:3:      layout_basic, mainiacjoe_overflow_cross_hatched,
          cheibrodos_sewer_entry_bend, corexii_item_surrounded_by_moat,
          minmay_diced_spiral
D:4:      layout_cave_pools, trog_hazing_becter,
          minmay_temple_entry_stoned_glass, serial_shops, nicolae_stop_n_shop_2,
          minmay_manual_monolith
D:5:      layout_basic
D:6:      layout_rooms, jmf_multi_god_temple2
Temple:   bh_familiar_temple

Skill      XL: |  1  2  3  4  5  6  7  8 |
---------------+-------------------------+-----
Invocations    | 1 2 3 |  3.7
Short Blades   | 1 2 3 |  3.4
Long Blades    | 1 2 3 |  3.4
Axes           | 1 2 3 |  3.4
Maces & Flails | 1 2 3 |  3.4
Polearms       | 1 2 3 |  3.4
Staves         | 1 2 3 |  3.4
Throwing       | 1 2 3 |  3.4
Armour         | 1 2 3 |  3.4
Stealth        | 1 2 3 |  3.4
Shields        | 1 2 3 |  3.4
Unarmed Combat | 1 2 3 |  3.4
Spellcasting   | 3 4 |  4.5
Evocations     | 1 2 3 |  3.4
Conjurations   | 1 2 |  2.8
Summonings     | 1 2 |  2.8
Necromancy     | 1 2 |  2.8
Translocations | 1 2 |  2.8
Transmutations | 1 2 |  2.8
Fire Magic     | 1 2 |  2.8
Ice Magic      | 1 2 |  2.8
Air Magic      | 1 2 |  2.8
Earth Magic    | 1 2 |  2.8
Poison Magic   | 1 2 3 |  3.5
Fighting       | 3 4 |  4.3
Ranged Weapons | 5 |  5.8
Dodging        | 5 |  5.8
Hexes          | 6 |  6.2

Action                     |  1- 3 |  4- 6 |  7- 9 || total
---------------------------+-------+-------+-------++-------
   Fire: Sling             |    88 |   223 |   134 ||   445
   Cast: Slow              |    16 |    49 |    11 ||    76
         Inner Flame       |     1 |     3 |    14 ||    18
 Invoke: Curse Item        |       |       |     1 ||     1
    Use: Scroll            |     1 |     5 |     1 ||     7
         Potion            |       |     1 |       ||     1
 Armour: Robe              |     5 |    12 |     7 ||    24
  Dodge: Dodged            |    19 |    41 |    24 ||    84

Table legend: (Time is in decaauts)
 A = Elapsed time spent in this place.
 B = Non-inter-level travel time spent in this place.
 C = Inter-level travel time spent in this place.
 D = Time resting spent in this place.
 E = Time spent auto-exploring this place.
 F = Levels seen in this place.
 G = Mean time per level.
                   A        B        C        D        E       F      G
               +--------+--------+--------+--------+--------+-----+--------+
         Total |   5145 |   4858 |    287 |    490 |   3288 |   8 |  643.1 |
       Dungeon |   4561 |   4310 |    251 |    394 |   2966 |   6 |  760.2 |
        Temple |    203 |    167 |     36 |      0 |    165 |   1 |  203.0 |
         Sewer |    380 |    380 |      0 |     96 |    157 |   1 |  380.0 |
               +--------+--------+--------+--------+--------+-----+--------+

Top non-repeatable levels by time:
     D:5: 1189 daAuts
     D:3: 973 daAuts
     D:1: 877 daAuts
     D:4: 745 daAuts
     D:2: 724 daAuts
   Sewer: 380 daAuts
  Temple: 203 daAuts
     D:6: 49 daAuts
